 Dungeon Crawl Stone Soup version 0.30-a0-879-ga8ba668304 (webtiles) character file.

Game seed: 7850806809682824010

49 cforsyth the Trooper (level 3, 0/30 HPs)
             Began as a Barachi Fighter on Mar 12, 2023.
             Slain by Terence
             ... wielding a +3 morningstar of protection
              (10 damage)
             ... on level 3 of the Dungeon.
             The game lasted 00:01:29 (1756 turns).

cforsyth the Trooper (Barachi Fighter)              Turns: 1756, Time: 00:01:29

Health: 0/30       AC:  8    Str: 19    XL:     3   Next: 77%
Magic:  3/3        EV:  9    Int:  8    God:
Gold:   119        SH:  4    Dex: 11    Spells: 2/2 levels left

rFire   . . .      SeeInvis .    a - +0 war axe
rCold   . . .      Faith    .    c - +0 buckler
rNeg    . . .      Spirit   .    b - +0 scale mail
rPois   .          Reflect  .    (no helmet)
rElec   .          Rampage  .    (no cloak)
rCorr   .                        (no gloves)
Will    .....                    k - +0 pair of boots Stlth
                                 l - amulet of the acrobat
HPRegen 0.25/turn                (no ring)
MPRegen 0.08/turn                (no ring)

@: slow
A: amphibious, slowness 1, strong legs 1, +LOS
a: Hop


You were on level 3 of the Dungeon.
You visited 1 branch of the dungeon, and saw 3 of its levels.

You collected 119 gold pieces.

Inventory:

Hand Weapons
 a - a +0 war axe (weapon)
Armour
 b - a +0 scale mail (worn)
 c - a +0 buckler (worn)
 k - a +0 pair of boots (worn)
Jewellery
 j - a ring of fire
 l - an amulet of the acrobat (around neck)
Scrolls
 g - a scroll of immolation {unknown}
 h - 2 scrolls of magic mapping {unknown}
 i - 2 scrolls of identify {unknown}
 o - a scroll of fog {unknown}
Potions
 d - 2 potions of might
 e - a potion of lignification {unknown}
 f - a potion of heal wounds
 m - a potion of degeneration {unknown}
 n - 2 potions of attraction {unknown}


   Skills:
 + Level 4.2 Fighting
 + Level 2.8 Axes
 + Level 4.1 Armour
 + Level 3.8 Shields


You had 2 spell levels left.
You didn't know any spells.
Your spell library was empty.

Dungeon Overview and Level Annotations

Branches:
Dungeon (3/15)

Altars:

Annotations:
D:3 Terence


Innate Abilities, Weirdness & Mutations

You are amphibious.
You cover ground slowly.
You can hop short distances.
You have an extended range of vision and can be seen from far away.


Message History

The bat completely misses you. The bat misses you.
You hit the bat.
The bat is heavily wounded.
You block the bat's attack.
You hit the bat.
The bat is severely wounded.
You block the bat's attack. The bat hits you but does no damage.
You barely miss the bat.
The bat is severely wounded.
The bat hits you but does no damage. x2
You barely miss the bat.
The bat is severely wounded.
You block the bat's attack. The bat hits you but does no damage. x2
You slash the bat!
You kill the bat!
No target in view!
No target in view!
No target in view!
No target in view!
No target in view!
o - a scroll labelled SUWKUBO BANWOPT Terence the Incautious comes into view.
He is wielding a +3 morningstar of protection.
Terence is nearby!
Terence is nearby!
Found 15 gold pieces.
Found an escape hatch in the floor.
You barely miss Terence. Terence barely misses you.
Terence hits you with a +3 morningstar of protection!
You hit Terence.
Terence is moderately wounded.
Terence hits you with a +3 morningstar of protection!
You hit Terence but do no damage.
Terence is moderately wounded.
Terence hits you with a +3 morningstar of protection.
You slash Terence!
Terence is severely wounded.
Terence drinks a potion.
Terence is healed!
Terence hits you with a +3 morningstar of protection.
You barely miss Terence.
Terence hits you with a +3 morningstar of protection!
You die...

#............
####.#.####..
#......# #
###.##.# .#
#....#..###
#.........!
+....######
##.### #@#
........@........
###.#...#.......$
#... .#.....#
#... .#.###.#
#... .. # . #...
.# +... .. #.>.
.#


You could see Terence.

Vanquished Creatures
  An adder (D:2)
  A dart slug (D:2)
  3 ball pythons
  4 bats
  4 endoplasms
  3 giant cockroaches
  4 goblins
  3 hobgoblins
  5 kobolds (D:1)
  2 quokkas (D:2)
  4 frilled lizards
  A rat (D:2)
35 creatures vanquished.

Vanquished Creatures (others)
  6 plants (D:2)
6 creatures vanquished.

Grand Total: 41 creatures vanquished

Notes
Turn   | Place    | Note
-------+----------+-------------------------------------------
     0 | D:1      | cforsyth the Barachi Fighter began the quest for the Orb.
     0 | D:1      | Reached XP level 1. HP: 18/18 MP: 1/1
   160 | D:1      | Reached XP level 2. HP: 25/25 MP: 2/2
   905 | D:2      | Reached XP level 3. HP: 30/30 MP: 3/3
  1365 | D:2      | Found a faded altar of an unknown god.
  1746 | D:3      | Noticed Terence
  1756 | D:3      | Slain by Terence

Illustrated notes

Levels and vault maps discovered:
D:1:      minmay_arrival_split_and_join, layout_loops_cross, serial_glass,
          glass_columns_a, glass_columns_a
D:2:      layout_basic, shapermc_ecumenical_altar_ellora, serial_forest,
          infiniplex_forest_lined_4_way, infiniplex_forest_end_1,
          infiniplex_forest_clump_large, infiniplex_forest_straight_2,
          infiniplex_forest_corner_1, infiniplex_forest_lined_4_way,
          infiniplex_forest_3_way
D:3:      layout_basic, serial_bayou_pond_c, uniq_terence, uniq_robin

Skill      XL: |  1  2  3 |
---------------+----------+-----
Fighting       | 4 |  4.2
Armour         | 4 |  4.1
Axes           | |  2.8
Shields        | |  3.8

Action                     || total
---------------------------++-------
  Melee: War axe           ||   130
 Armour: Scale mail        ||    69
  Dodge: Dodged            ||    64
  Block: Buckler           ||    24

Table legend: (Time is in decaauts)
 A = Elapsed time spent in this place.
 B = Non-inter-level travel time spent in this place.
 C = Inter-level travel time spent in this place.
 D = Time resting spent in this place.
 E = Time spent auto-exploring this place.
 F = Levels seen in this place.
 G = Mean time per level.
                   A        B        C        D        E       F      G
               +--------+--------+--------+--------+--------+-----+--------+
         Total |   2097 |   1992 |    105 |      0 |   1635 |   3 |  699.0 |
       Dungeon |   2097 |   1992 |    105 |      0 |   1635 |   3 |  699.0 |
               +--------+--------+--------+--------+--------+-----+--------+

Top non-repeatable levels by time:
     D:2: 1146 daAuts
     D:1: 917 daAuts
     D:3: 32 daAuts
